 Dungeon Crawl Stone Soup version 0.28.0-53-g5a82cb258f (webtiles) character file.

Game seed: 10137157875276308609

70 Blonk the Skirmisher (level 4, 0/41 HPs)
             Began as a Minotaur Berserker on Aug 19, 2022.
             Was a Follower of Trog.
             Slain by a gnoll
             ... wielding a +0 spear
              (2 damage)
             ... on level 3 of the Dungeon.
             The game lasted 00:19:54 (2833 turns).

Blonk the Skirmisher (Minotaur Berserker)           Turns: 2833, Time: 00:19:54

Health: 0/41       AC: 11    Str: 25    XL:     4   Next: 3%
Magic:  3/3        EV:  7    Int:  4    God:    Trog [*.....]
Gold:   48         SH:  0    Dex: 10    Spells: 3/3 levels left

rFire   . . .      SeeInvis .   f - +0 spear
rCold   . . .      Faith    .   (no shield)
rNeg    . . .      Spirit   .   d - +0 plate armour
rPois   .          Reflect  .   (helmet restricted)
rElec   .          Harm     .   (no cloak)
rCorr   .          Rampage  .   (no gloves)
Will    .....                   (no boots)
Stlth   ..........              (no amulet)
HPRegen 0.13/turn               (no ring)
MPRegen 0.08/turn               (no ring)

@: no status effects
A: horns 2, retaliatory headbutt, strong 1
a: Renounce Religion, Berserk


You were on level 3 of the Dungeon.
You worshipped Trog.
Trog was aware of your devotion.
You visited 1 branch of the dungeon, and saw 3 of its levels.

You collected 48 gold pieces.

Inventory:

Hand Weapons
 a - a +0 hand axe
 c - a +0 halberd
 f - a +0 spear (weapon)
 g - a +0 hand axe of pain
Armour
 b - a +0 animal skin
 d - a +0 plate armour (worn)
 e - a +0 leather armour


   Skills:
 + Level 4.5 Fighting
 + Level 4.2(4.4) Axes
 + Level 1.9(3.3) Polearms
 + Level 3.0 Armour
 + Level 2.4 Dodging


You had 3 spell levels left.
You didn't know any spells.
Your spell library was empty.

Dungeon Overview and Level Annotations

Branches:
Dungeon (3/15)

Altars:
Xom


Innate Abilities, Weirdness & Mutations

You have a pair of horns on your head.
You reflexively headbutt those who attack you in melee.
Your muscles are strong. (Str +2)


Message History

The gnoll hits you with a +0 halberd.
You barely miss the gnoll. You headbutt the gnoll.
You kill the gnoll!
Trog accepts your kill.
The gnoll hits you from afar with a +0 spear.
You have reached level 4!
You feel agile. The gnoll closely misses you.
You see here a +0 halberd.
c - a +0 halberd The gnoll hits you but does no damage.
The gnoll hits you from afar with a +0 spear.
The gnoll hits you with a +0 spear.
You see here a +0 spear.
You hit the gnoll.
The gnoll is moderately wounded.
The gnoll hits you from afar with a +0 spear.
* * * LOW HITPOINT WARNING * * *
You hit the gnoll.
The gnoll is heavily wounded.
The gnoll hits you but does no damage.
You completely miss the gnoll. Your headbutt misses the gnoll.
The gnoll is heavily wounded.
The gnoll hits you from afar with a +0 spear.
* * * LOW HITPOINT WARNING * * *
The gnoll hits you with a +0 spear.
* * * LOW HITPOINT WARNING * * *
You closely miss the gnoll.
The gnoll is heavily wounded.
The gnoll hits you from afar with a +0 spear.
* * * LOW HITPOINT WARNING * * *
The gnoll hits you but does no damage.
You closely miss the gnoll.
The gnoll is heavily wounded.
The gnoll barely misses you. The gnoll hits you with a +0 spear.
* * * LOW HITPOINT WARNING * * *
You hit the gnoll.
The gnoll is almost dead.
The gnoll hits you from afar with a +0 spear.
You die...

#.#'##...#
#........##
#..........
#........##
#........#
#.....#### #.....#
#.....#####
#....@'g..#
#....g###.# #.#+###
#.# #.# #.# #.# #g#
#.# #g# #. #.#
##########
#.#...........
#######.#.####......


You could see 2 gnolls.

Vanquished Creatures
  A hound zombie (D:2)
  2 gnolls (D:3)
  An adder (D:2)
  3 ball pythons
  4 bats
  4 endoplasms
  5 hobgoblins
  2 kobolds
  A quokka (D:1)
  A ball python skeleton (D:2)
  A frilled lizard (D:3)
  2 goblins (D:1)
27 creatures vanquished.

Vanquished Creatures (others)
  3 withered plants (D:2)
3 creatures vanquished.

Grand Total: 30 creatures vanquished

Notes
Turn   | Place    | Note
-------+----------+-------------------------------------------
     0 | D:1      | Blonk the Minotaur Berserker began the quest for the Orb.
     0 | D:1      | Reached XP level 1. HP: 19/19 MP: 0/0
   810 | D:1      | Found a faded altar of an unknown god.
  1074 | D:1      | Reached XP level 2. HP: 26/27 MP: 1/1
  1942 | D:2      | Reached skill level 1 in Polearms
  1942 | D:2      | Reached XP level 3. HP: 29/34 MP: 2/2
  2141 | D:3      | Gained mutation: Your muscles are strong. (Str +2) [potion
                  | of mutation]
  2179 | D:3      | Found a shimmering altar of Xom.
  2825 | D:3      | Reached XP level 4. HP: 18/41 MP: 3/3
  2832 | D:3      | HP: 2/41 [gnoll/+0 spear (5)]
  2833 | D:3      | Slain by a gnoll

Illustrated notes

Levels and vault maps discovered:
D:1:      saegor_arrival_simple_b, layout_loops_corners,
          shapermc_ecumenical_altar_notcrosses, minmay_misc_feat_roman
D:2:      layout_basic, serial_undead, serial_undead_a, serial_undead_b,
          serial_undead_e, serial_undead_c, serial_undead_c, serial_undead_c,
          serial_undead_d, serial_undead_c, basic_altar
D:3:      kennysheep_six_static_rooms, layout_basic, xom_teletrap_fun,
          uniq_jessica

Skill      XL: |  1  2  3 |
---------------+----------+-----
Fighting       | 4 |  4.5
Axes           | 4 |  4.2
Polearms       | 1 |  1.9
Armour         | 3 |  3.0
Dodging        | |  2.4

Action                   |  1- 3 |  4- 6 || total
-------------------------+-------+-------++-------
Melee: Spear             |    72 |     6 ||    78
       Hand axe          |     6 |       ||     6
       Headbutt          |    15 |       ||    15
  Use: Potion            |     3 |       ||     3
Armor: Plate armour      |    61 |     3 ||    64
Dodge: Dodged            |    40 |     2 ||    42
